AoeStats
← daumasson

African Clearing

510290438Analyzed
4v4 RM · 1d ago on Sep 30, 2026· 43m 58s· 8 players
Game mode
Random Map
Map size
Large (8 player)
Population
200
Speed
Normal
Resources
Standard
Victory
Conquest
Starting age
Dark Age
Ending age
Imperial Age
RankedLock teamsTeams togetherTeam positionsShared explorationLock speedFull tech treeHidden civsTurbo modeCheats
Victory
Defeat
🇨🇳 Bengalis · China
1561
+16
🇲🇴 Malians · Macao SAR China
1555
+16
🇹🇼 Franks · Taiwan
1492
+19
🇨🇳 Georgians · China
1440
+22
🇹🇷 Goths · Türkiye
1583
-19
🇦🇷 Portuguese · Argentina
1573
-19
🇹🇷 Saracens · Türkiye
1560
-18
🇩🇪 Slavs · Germany
1520
-17
daumasson
7:58 Loom
11:48 Feudal Age
12:03 Feudal Age
19:41 Castle Age
19:17 Double-Bit Axe
20:38 Bloodlines
24:40 Squires
26:44 Fletching
31:30 Sanctity
36:29 Wheelbarrow
35:40 Town Watch
41:26 Imperial Age
41:33 Imperial Age
40:33 Hand Cart
41:53 Bow Saw
42:06 Bodkin Arrow
43:39 Padded Archer Armor
43:52 Forging
Asator
5:57 Loom
14:17 Feudal Age
18:38 Castle Age
16:24 Double-Bit Axe
16:20 Horse Collar
21:34 Wheelbarrow
21:10 Town Watch
22:22 Bow Saw
25:34 Fletching
28:31 Gold Mining
28:33 Stone Mining
32:38 Imperial Age
32:17 Forging
32:07 Scale Mail Armor
33:04 Hand Cart
33:25 Arquebus
35:47 Chain Mail Armor
36:39 Conscription
35:45 Pikeman
37:16 Halberdier
39:03 Plate Mail Armor
39:40 Bodkin Arrow
43:48 Iron Casting
Itgetsdarker
7:18 Loom
12:23 Feudal Age
18:16 Castle Age
16:23 Double-Bit Axe
20:30 Squires
24:32 Town Watch
34:01 Imperial Age
32:20 Wheelbarrow
31:18 Man-at-Arms
32:24 Town Patrol
32:04 Long Swordsman
33:56 Gold Mining
33:58 Stone Mining
33:54 Pikeman
35:08 Conscription
34:19 Two-Handed Swordsman
35:24 Scale Mail Armor
35:15 Fletching
36:19 Ballistics
36:33 Bow Saw
37:11 Chain Mail Armor
36:52 Halberdier
38:02 Forging
38:13 Perfusion
vela
4:11 Loom
11:21 Feudal Age
11:49 Town Watch
11:52 Double-Bit Axe
12:21 Fletching
22:03 Horse Collar
26:03 Wheelbarrow
31:05 Castle Age
29:08 Gold Mining
32:06 Bow Saw
32:27 Heavy Plow
32:56 Stone Mining
33:43 Gold Shaft Mining
36:42 Hand Cart
42:52 Imperial Age
42:15 Forging
42:11 Scale Barding Armor
44:20 Iron Casting
44:05 Chain Barding Armor
屁屁人
12:37 Feudal Age
13:46 Loom
18:07 Castle Age
16:24 Double-Bit Axe
19:36 Fletching
21:45 Squires
24:08 Bow Saw
24:14 Town Watch
25:16 Forging
26:11 Horse Collar
27:43 Padded Archer Armor
28:14 Scale Mail Armor
37:55 Heavy Plow
38:33 Wheelbarrow
39:24 Gold Mining
41:18 Hand Cart
42:22 Iron Casting
46:16 Imperial Age
逝
4:03 Loom
14:17 Feudal Age
15:48 Wheelbarrow
18:24 Castle Age
17:31 Scale Barding Armor
17:39 Double-Bit Axe
20:35 Bow Saw
21:10 Stone Mining
21:58 Gold Mining
22:47 Fishing Lines
24:13 Horse Collar
26:56 Gold Shaft Mining
26:40 Town Watch
27:27 Hand Cart
32:18 Imperial Age
30:06 Scale Barding Armor
30:11 Forging
31:08 Chain Barding Armor
31:05 Heavy Plow
31:48 Bloodlines
31:38 Husbandry
31:47 Paiks
32:42 Iron Casting
33:41 Conscription
32:49 Elite Battle Elephant
34:45 Two-Man Saw
34:17 Crop Rotation
34:51 Plate Barding Armor
36:10 Blast Furnace
44:49 Mahayana
椒香三角铁
6:58 Loom
11:54 Feudal Age
17:53 Town Watch
22:33 Castle Age
21:16 Double-Bit Axe
21:22 Stone Mining
24:22 Bloodlines
25:51 Fletching
30:48 Wheelbarrow
32:28 Bow Saw
32:10 Gold Mining
32:21 Horse Collar
33:51 Scale Barding Armor
33:57 Forging
33:49 Husbandry
36:39 Chain Barding Armor
36:57 Hand Cart
38:33 Stone Shaft Mining
41:30 Imperial Age
40:40 Svan Towers
41:10 Guard Tower
41:40 Ballistics
41:01 Treadmill Crane
41:31 Masonry
42:10 Elite Monaspa
43:58 Plate Barding Armor
44:03 Iron Casting
44:05 Conscription
yclin124
3:53 Loom
12:40 Feudal Age
11:59 Loom
16:16 Castle Age
14:46 Double-Bit Axe
16:30 Forging
23:54 Husbandry
24:26 Scale Barding Armor
28:43 Chain Barding Armor
29:32 Wheelbarrow
29:20 Fletching
35:27 Imperial Age
33:13 Hand Cart
36:54 Plate Barding Armor
36:55 Iron Casting
35:49 Cavalier
37:17 Light Cavalry
39:10 Paladin
41:57 Conscription
42:49 Blast Furnace
41:40 Fletching
41:54 Gold Mining
41:55 Stone Mining
42:17 Bow Saw
Connection lost

Rejoining the realm…

Still unreachable

The connection could not be restored.

Session expired

The server has moved on; the page needs a fresh start.